[ AOE2 MATCH · #507014966 ]
UnrankedJapanese vs Japanese
Player's team · LOSS
Rival team · WIN
[ REPLAY ANALYSIS · EXTRACTED FROM THE RECORDED GAME ]
Feudal
8:51
Castle
28:40
Imperial
52:54
| APM avg | 54.3 |
| APM peak | 112 |
| eAPM avg | 26.7 |
| Villagers / military | 146 / 194 |
Focus
⚔️ 37.6% · 🌾 62.4%
Knight ×72 · Skirmisher ×56 · Archer ×19 · Militia ×12 · Samurai ×10 · Mangonel ×10
Feudal
8:59
Castle
23:59
Imperial
40:02
| APM avg | 59.9 |
| APM peak | 134 |
| eAPM avg | 39.5 |
| Villagers / military | 232 / 186 |
Focus
⚔️ 57.6% · 🌾 42.4%
Archer ×95 · Scout Cavalry ×32 · Cavalry Archer ×22 · Monk ×11 · Skirmisher ×11 · Militia ×6
Match map
Initial resources + every placement click. Lines = walls · curves = elevation contours. ◆ gold · ⬟ stone · ● berries · ✦ relic · ◌ wall gap
Your base· Open — 6t gap
_[eC]_Gurke_'s base· Open — 5t gap
Smoothed initial terrain · ◌ = detected wall gap · hover for details
Inputs per minute
— 新竹 - - _[eC]_Gurke_
Build order — 新竹
First 150 of 532 actions detected
| 0:00 | Queue | Villager (Male) |
| 0:01 | Queue | Villager (Male) |
| 0:01 | Queue | Villager (Male) |
| 0:02 | Build | House |
| 0:03 | Build | House |
| 0:14 | Queue | Villager (Male) |
| 0:14 | Queue | Villager (Male) |
| 1:26 | Queue | Villager (Male) |
| 1:26 | Queue | Villager (Male) |
| 1:57 | Queue | Villager (Male) |
| 1:57 | Queue | Villager (Male) |
| 2:12 | Queue | Villager (Male) |
| 2:12 | Queue | Villager (Male) |
| 2:44 | Build | Lumber Camp |
| 2:47 | Queue | Villager (Male) |
| 2:48 | Queue | Villager (Male) |
| 2:48 | Queue | Villager (Male) |
| 3:01 | Build | House |
| 3:13 | Queue | Villager (Male) |
| 3:13 | Queue | Villager (Male) |
| 3:13 | Queue | Villager (Male) |
| 3:30 | Queue | Villager (Male) |
| 3:31 | Queue | Villager (Male) |
| 3:31 | Queue | Villager (Male) |
| 3:59 | Queue | Villager (Male) |
| 3:59 | Queue | Villager (Male) |
| 4:16 | Queue | Villager (Male) |
| 4:16 | Queue | Villager (Male) |
| 4:17 | Queue | Villager (Male) |
| 4:33 | Queue | Villager (Male) |
| 5:07 | Build | Barracks |
| 5:09 | Queue | Villager (Male) |
| 5:09 | Queue | Villager (Male) |
| 5:33 | Research | Loom |
| 5:33 | Research | Loom |
| 5:44 | Build | House |
| 6:20 | Build | Mining Camp |
| 6:40 | Research | Feudal Age |
| 6:40 | Research | Feudal Age |
| 6:54 | Build | Palisade Wall |
| 6:57 | Build | Palisade Wall |
| 7:03 | Queue | Militia |
| 7:03 | Queue | Militia |
| 7:19 | Queue | Militia |
| 7:19 | Queue | Militia |
| 7:20 | Queue | Militia |
| 7:29 | Queue | Militia |
| 7:29 | Queue | Militia |
| 7:29 | Queue | Militia |
| 7:33 | Build | Mill |
| 7:42 | Build | Palisade Wall |
| 7:47 | Queue | Militia |
| 8:03 | Queue | Militia |
| 8:09 | Build | House |
| 8:12 | Build | Palisade Wall |
| 8:15 | Build | Palisade Wall |
| 8:51 | Age | Feudal Age |
| 8:54 | Queue | Villager (Male) |
| 8:59 | Build | House |
| 9:19 | Research | Man-at-Arms (upgrade) |
| 9:19 | Research | Man-at-Arms (upgrade) |
| 9:26 | Queue | Villager (Male) |
| 9:27 | Queue | Villager (Male) |
| 9:27 | Queue | Villager (Male) |
| 9:30 | Build | House |
| 9:33 | Queue | Villager (Male) |
| 9:45 | Queue | Villager (Male) |
| 9:45 | Queue | Villager (Male) |
| 9:54 | Build | Palisade Wall |
| 10:03 | Build | Mining Camp |
| 10:04 | Queue | Villager (Male) |
| 10:45 | Queue | Villager (Male) |
| 10:46 | Queue | Villager (Male) |
| 10:46 | Queue | Villager (Male) |
| 10:46 | Queue | Villager (Male) |
| 10:47 | Build | Farm |
| 10:48 | Build | Farm |
| 11:13 | Build | Watch Tower |
| 11:35 | Queue | Militia |
| 11:35 | Queue | Militia |
| 11:46 | Build | House |
| 11:47 | Build | House |
| 12:06 | Build | Watch Tower |
| 12:07 | Queue | Villager (Male) |
| 12:08 | Queue | Villager (Male) |
| 12:08 | Queue | Villager (Male) |
| 12:08 | Queue | Villager (Male) |
| 12:31 | Queue | Villager (Male) |
| 12:31 | Queue | Villager (Male) |
| 12:59 | Queue | Villager (Male) |
| 12:59 | Queue | Villager (Male) |
| 13:00 | Queue | Villager (Male) |
| 13:00 | Queue | Villager (Male) |
| 13:02 | Build | House |
| 13:21 | Build | Stone Wall |
| 13:37 | Build | Watch Tower |
| 13:38 | Queue | Villager (Male) |
| 13:38 | Queue | Villager (Male) |
| 13:38 | Queue | Villager (Male) |
| 13:46 | Build | Farm |
| 13:49 | Build | Farm |
| 14:02 | Queue | Villager (Male) |
| 14:02 | Queue | Villager (Male) |
| 14:05 | Build | House |
| 14:07 | Build | House |
| 14:31 | Queue | Villager (Male) |
| 14:31 | Queue | Villager (Male) |
| 14:43 | Queue | Villager (Male) |
| 14:51 | Build | Farm |
| 14:52 | Build | Farm |
| 14:55 | Build | Farm |
| 15:06 | Queue | Villager (Male) |
| 15:07 | Queue | Villager (Male) |
| 15:12 | Build | Watch Tower |
| 15:20 | Queue | Villager (Male) |
| 15:40 | Build | Stone Wall |
| 15:51 | Build | Mining Camp |
| 15:59 | Queue | Villager (Male) |
| 15:59 | Queue | Villager (Male) |
| 16:00 | Queue | Villager (Male) |
| 16:00 | Queue | Villager (Male) |
| 16:11 | Research | Double-Bit Axe |
| 16:11 | Research | Double-Bit Axe |
| 16:11 | Research | Double-Bit Axe |
| 16:22 | Queue | Villager (Male) |
| 16:29 | Build | Watch Tower |
| 16:41 | Queue | Villager (Male) |
| 17:16 | Queue | Villager (Male) |
| 17:17 | Build | Farm |
| 17:18 | Build | Farm |
| 17:21 | Build | Farm |
| 17:22 | Build | Farm |
| 17:37 | Build | Watch Tower |
| 17:49 | Build | Lumber Camp |
| 17:51 | Queue | Villager (Male) |
| 18:18 | Queue | Villager (Male) |
| 18:23 | Build | Watch Tower |
| 18:25 | Queue | Villager (Male) |
| 18:51 | Build | House |
| 18:53 | Build | House |
| 19:00 | Queue | Villager (Male) |
| 19:07 | Build | Blacksmith |
| 19:09 | Build | House |
| 19:12 | Queue | Villager (Male) |
| 19:30 | Build | Palisade Wall |
| 19:35 | Build | Archery Range |
| 19:41 | Research | Fletching |
| 19:41 | Research | Fletching |
| 20:47 | Queue | Villager (Male) |
| 20:48 | Queue | Archer |
Build order — _[eC]_Gurke_
First 150 of 693 actions detected
| 0:03 | Queue | Villager (Male) |
| 0:04 | Build | House |
| 0:04 | Build | House |
| 0:09 | Queue | Villager (Male) |
| 0:09 | Queue | Villager (Male) |
| 0:09 | Queue | Villager (Male) |
| 0:10 | Queue | Villager (Male) |
| 1:26 | Queue | Villager (Male) |
| 1:54 | Build | Lumber Camp |
| 2:05 | Queue | Villager (Male) |
| 2:05 | Queue | Villager (Male) |
| 2:30 | Queue | Villager (Male) |
| 2:31 | Queue | Villager (Male) |
| 2:55 | Queue | Villager (Male) |
| 2:55 | Queue | Villager (Male) |
| 3:11 | Queue | Villager (Male) |
| 3:11 | Queue | Villager (Male) |
| 3:30 | Queue | Villager (Male) |
| 4:00 | Build | House |
| 4:15 | Queue | Villager (Male) |
| 4:19 | Queue | Villager (Male) |
| 4:26 | Queue | Villager (Male) |
| 4:34 | Queue | Villager (Male) |
| 4:46 | Build | Barracks |
| 5:06 | Queue | Villager (Male) |
| 5:32 | Research | Loom |
| 5:44 | Build | House |
| 6:23 | Build | House |
| 6:49 | Research | Feudal Age |
| 7:07 | Build | Mill |
| 7:24 | Queue | Militia |
| 7:25 | Queue | Militia |
| 7:25 | Queue | Militia |
| 7:29 | Build | Mining Camp |
| 7:55 | Queue | Militia |
| 8:48 | Queue | Militia |
| 8:52 | Queue | Villager (Male) |
| 8:59 | Age | Feudal Age |
| 9:02 | Research | Man-at-Arms (upgrade) |
| 9:02 | Research | Man-at-Arms (upgrade) |
| 9:14 | Build | Archery Range |
| 9:24 | Queue | Villager (Male) |
| 9:29 | Build | Palisade Gate |
| 9:31 | Build | Palisade Wall |
| 9:53 | Queue | Villager (Male) |
| 9:57 | Build | Farm |
| 10:07 | Queue | Archer |
| 10:13 | Queue | Villager (Male) |
| 10:19 | Build | Palisade Wall |
| 10:26 | Queue | Militia |
| 10:42 | Queue | Archer |
| 10:43 | Queue | Villager (Male) |
| 10:45 | Build | Farm |
| 11:02 | Build | Farm |
| 11:12 | Queue | Archer |
| 11:14 | Queue | Villager (Male) |
| 11:29 | Queue | Villager (Male) |
| 11:45 | Build | Lumber Camp |
| 11:49 | Queue | Archer |
| 11:50 | Queue | Villager (Male) |
| 11:53 | Build | Farm |
| 12:05 | Research | Town Watch |
| 12:07 | Build | House |
| 12:31 | Queue | Archer |
| 12:32 | Queue | Villager (Male) |
| 12:52 | Build | Mining Camp |
| 12:56 | Queue | Archer |
| 13:04 | Queue | Villager (Male) |
| 13:25 | Build | Farm |
| 13:27 | Build | Farm |
| 13:29 | Build | Farm |
| 13:30 | Queue | Villager (Male) |
| 13:41 | Build | House |
| 13:50 | Queue | Villager (Male) |
| 13:53 | Build | Farm |
| 14:05 | Queue | Villager (Male) |
| 14:06 | Build | House |
| 14:34 | Queue | Villager (Male) |
| 14:49 | Build | House |
| 14:57 | Queue | Archer |
| 15:01 | Build | Lumber Camp |
| 15:03 | Queue | Villager (Male) |
| 15:05 | Build | Farm |
| 15:21 | Research | Double-Bit Axe |
| 15:24 | Queue | Villager (Male) |
| 15:27 | Build | Farm |
| 15:40 | Queue | Villager (Male) |
| 15:49 | Build | House |
| 15:59 | Queue | Archer |
| 15:59 | Queue | Archer |
| 16:14 | Build | Blacksmith |
| 16:20 | Queue | Villager (Male) |
| 16:38 | Build | Farm |
| 16:43 | Build | Palisade Gate |
| 16:45 | Build | Palisade Wall |
| 17:00 | Queue | Villager (Male) |
| 17:28 | Research | Fletching |
| 17:28 | Research | Fletching |
| 17:34 | Queue | Villager (Male) |
| 17:41 | Build | Farm |
| 17:45 | Queue | Archer |
| 17:52 | Build | Mill |
| 17:58 | Queue | Villager (Male) |
| 18:19 | Queue | Villager (Male) |
| 18:24 | Queue | Villager (Male) |
| 18:24 | Queue | Archer |
| 18:30 | Build | Farm |
| 18:36 | Build | Farm |
| 18:38 | Build | Mill |
| 18:40 | Build | Farm |
| 18:42 | Build | Farm |
| 18:42 | Queue | Villager (Male) |
| 18:45 | Build | Farm |
| 18:46 | Build | Farm |
| 18:48 | Build | Farm |
| 18:48 | Queue | Villager (Male) |
| 18:51 | Queue | Archer |
| 19:07 | Queue | Villager (Male) |
| 19:12 | Build | Farm |
| 19:17 | Build | Farm |
| 19:30 | Queue | Archer |
| 19:39 | Queue | Villager (Male) |
| 19:43 | Build | Farm |
| 19:46 | Build | Farm |
| 19:54 | Queue | Villager (Male) |
| 20:02 | Build | Farm |
| 20:09 | Build | Farm |
| 20:30 | Queue | Villager (Male) |
| 20:34 | Queue | Archer |
| 20:47 | Queue | Villager (Male) |
| 20:50 | Queue | Archer |
| 21:19 | Research | Castle Age |
| 21:19 | Research | Castle Age |
| 21:22 | Queue | Archer |
| 21:44 | Build | Archery Range |
| 21:49 | Build | Archery Range |
| 21:50 | Queue | Archer |
| 22:14 | Queue | Archer |
| 22:16 | Research | Gold Mining |
| 22:16 | Research | Gold Mining |
| 22:17 | Research | Padded Archer Armor |
| 22:17 | Research | Padded Archer Armor |
| 22:38 | Build | House |
| 22:39 | Build | House |
| 22:47 | Queue | Archer |
| 22:56 | Build | Palisade Gate |
| 23:00 | Build | Palisade Gate |
| 23:34 | Queue | Archer |
| 23:46 | Queue | Archer |
| 23:46 | Queue | Archer |
Match timeline
| 4:46 | _[eC]_Gurke_ · first_building Barracks |
| 5:07 | 新竹 · first_building Barracks |
| 6:54 | 新竹 · wall_segment Palisade Wall x1 |
| 6:57 | 新竹 · wall_segment Palisade Wall x1 |
| 7:42 | 新竹 · wall_segment Palisade Wall x6 |
| 8:12 | 新竹 · wall_segment Palisade Wall x1 |
| 8:15 | 新竹 · wall_segment Palisade Wall x1 |
| 8:51 | 新竹 · age_up feudal |
| 8:59 | _[eC]_Gurke_ · age_up feudal |
| 9:14 | _[eC]_Gurke_ · first_building Archery Range |
| 9:31 | _[eC]_Gurke_ · wall_segment Palisade Wall x1 |
| 9:54 | 新竹 · wall_segment Palisade Wall x1 |
| 10:19 | _[eC]_Gurke_ · wall_segment Palisade Wall x2 |
| 13:21 | 新竹 · wall_segment Stone Wall x1 |
| 15:40 | 新竹 · wall_segment Stone Wall x7 |
| 16:45 | _[eC]_Gurke_ · wall_segment Palisade Wall x1 |
| 19:30 | 新竹 · wall_segment Palisade Wall x2 |
| 19:35 | 新竹 · first_building Archery Range |
| 23:59 | _[eC]_Gurke_ · age_up castle |
| 25:04 | _[eC]_Gurke_ · first_building Siege Workshop |
| 25:59 | 新竹 · first_market_buy 100 food |
| 26:24 | 新竹 · first_building Stable |
| 28:16 | _[eC]_Gurke_ · first_building Monastery |
| 28:40 | 新竹 · age_up castle |
| 30:19 | _[eC]_Gurke_ · wall_segment Palisade Wall x1 |
| 30:30 | _[eC]_Gurke_ · wall_segment Palisade Wall x1 |
| 30:36 | _[eC]_Gurke_ · wall_segment Palisade Wall x1 |
| 31:10 | 新竹 · first_building Siege Workshop |
| 32:14 | 新竹 · first_building Monastery |
| 33:26 | _[eC]_Gurke_ · wall_segment Palisade Wall x11 |
| 36:50 | _[eC]_Gurke_ · first_market_sell 100 food |
| 39:57 | 新竹 · first_building Castle |
| 40:02 | _[eC]_Gurke_ · age_up imperial |
| 40:26 | _[eC]_Gurke_ · first_market_buy 100 stone |
| 40:28 | _[eC]_Gurke_ · first_building Castle |
| 43:46 | _[eC]_Gurke_ · wall_segment Stone Wall x3 |
| 45:06 | _[eC]_Gurke_ · wall_segment Stone Wall x2 |
| 46:39 | 新竹 · first_market_sell 100 wood |
| 51:18 | _[eC]_Gurke_ · first_building Stable |
| 52:54 | 新竹 · age_up imperial |
| 57:29 | 新竹 · resign |
[ AI ANALYSIS · 1 CREDIT ]
What really happened in this match?
Wolo.gg analyzes every decision: build order, eco, micro, common mistakes by bracket. Personalized analysis on WhatsApp or Discord in 30 seconds.
Civ guide
Japanese
Perfil
Jugador #14547856